AoeStats
← Q_Djarot

African Clearing

510569430Analyzed
4v4 RM · 1d ago on Oct 1, 2026· 49m 8s· 8 players
Game mode
Random Map
Map size
Large (8 player)
Population
200
Speed
Normal
Resources
Standard
Victory
Conquest
Starting age
Dark Age
Ending age
Imperial Age
RankedLock teamsTeams togetherTeam positionsShared explorationLock speedFull tech treeHidden civsTurbo modeCheats
Victory
Defeat
🇧🇪 Spanish · Belgium
1132
+13
🇺🇸 Huns · United States
1118
+14
🇮🇩 Khmer · Indonesia
1090
+15
🇮🇱 Magyars · Israel
987
+20
🇹🇷 Sicilians · Türkiye
1098
-17
🇮🇹 Vikings · Italy
1083
-16
🇪🇸 Ethiopians · Spain
1065
-15
🇨🇿 Italians · Czechia
1033
-14
Zuzujj
5:54 Loom
15:34 Feudal Age
22:30 Castle Age
21:19 Double-Bit Axe
21:22 Horse Collar
23:54 Pikeman
25:31 Elite Skirmisher
28:49 Wheelbarrow
30:14 Fletching
34:39 Thumb Ring
34:18 Light Cavalry
35:12 Bloodlines
35:39 Bodkin Arrow
37:48 Padded Archer Armor
37:59 Forging
37:55 Scale Barding Armor
42:13 Imperial Age
42:02 Leather Archer Armor
42:36 Hussar
ozeton
17:21 Feudal Age
20:10 Double-Bit Axe
20:49 Fletching
21:22 Gold Mining
27:01 Horse Collar
29:54 Castle Age
29:19 Arson
29:40 Scale Mail Armor
29:50 Forging
30:34 Bodkin Arrow
30:52 Forging
30:57 Chain Mail Armor
31:58 Gold Shaft Mining
33:38 Bow Saw
33:10 Horse Collar
37:24 Murder Holes
DOM
10:41 Loom
14:13 Feudal Age
19:08 Castle Age
17:15 Double-Bit Axe
18:08 Gold Mining
18:29 Stone Mining
20:02 Bow Saw
19:56 Fletching
19:50 Horse Collar
23:39 Padded Archer Armor
24:53 Town Watch
25:00 Crossbowman
28:27 Wheelbarrow
29:36 Ballistics
29:52 Scale Mail Armor
30:44 Bodkin Arrow
31:47 Forging
36:51 Imperial Age
34:46 Heavy Plow
35:19 Leather Archer Armor
36:35 Gold Shaft Mining
37:28 Masonry
38:54 Two-Man Saw
39:26 Chemistry
38:45 Squires
39:11 Thumb Ring
39:44 Chain Mail Armor
40:16 Hand Cart
40:58 Conscription
41:01 Arbalester
41:59 Bracer
43:32 Architecture
44:14 Royal Heirs
massiz10
6:24 Loom
14:22 Feudal Age
18:46 Castle Age
16:43 Double-Bit Axe
17:36 Stone Mining
19:05 Pikeman
20:33 Horse Collar
20:57 Town Watch
25:01 Fletching
27:10 Gold Mining
28:33 Scale Mail Armor
31:23 Squires
Wimvdm91
13:17 Feudal Age
14:00 Double-Bit Axe
19:27 Castle Age
17:15 Loom
19:31 Castle Age
18:49 Bloodlines
18:59 Stone Mining
35:11 Horse Collar
40:53 Imperial Age
38:50 Ballistics
39:34 Husbandry
40:40 Forging
40:35 Scale Barding Armor
40:56 Heavy Plow
41:08 Bow Saw
40:53 Gold Mining
42:46 Chemistry
41:58 Fortified Wall
41:19 Cavalier
43:06 Wheelbarrow
44:37 Conscription
45:18 Iron Casting
45:34 Chain Barding Armor
45:50 Elite Conquistador
46:24 Paladin
48:25 Blast Furnace
48:37 Plate Barding Armor
shalevwood
12:52 Feudal Age
13:47 Double-Bit Axe
15:36 Bloodlines
15:51 Scale Barding Armor
20:04 Wheelbarrow
20:53 Fletching
26:41 Castle Age
27:55 Light Cavalry
30:46 Chain Barding Armor
42:05 Husbandry
GGHatchet
9:15 Loom
9:38 Loom
13:33 Feudal Age
14:08 Double-Bit Axe
14:07 Horse Collar
22:30 Castle Age
20:38 Fletching
22:48 Crossbowman
23:24 Bodkin Arrow
27:31 Bow Saw
28:02 Wheelbarrow
31:38 Bloodlines
32:32 Husbandry
33:50 Padded Archer Armor
33:38 Town Watch
34:11 Hand Cart
37:26 Imperial Age
37:10 Leather Archer Armor
37:18 Ballistics
37:36 Heavy Cavalry Archer
38:41 Parthian Tactics
38:18 Bracer
40:25 Thumb Ring
43:04 Chemistry
42:15 Masonry
42:18 Gold Mining
42:19 Stone Mining
43:10 Conscription
43:23 Scale Barding Armor
43:29 Forging
43:00 Light Cavalry
44:38 Atheism
44:28 Marauders
Q_Djarot
4:55 Loom
14:13 Feudal Age
18:02 Castle Age
17:15 Scale Barding Armor
26:34 Double-Bit Axe
27:17 Forging
30:08 Horse Collar
30:39 Bow Saw
31:59 Heavy Plow
31:52 Gold Mining
36:09 Wheelbarrow
38:15 Imperial Age
41:03 Hand Cart
43:22 Conscription
42:28 Elite Ballista Elephant
45:59 Capped Ram
47:09 Chain Barding Armor
47:15 Ballistics
47:09 Padded Archer Armor
49:57 Chemistry
49:14 Leather Archer Armor
Connection lost

Rejoining the realm…

Still unreachable

The connection could not be restored.

Session expired

The server has moved on; the page needs a fresh start.